 Dungeon Crawl Stone Soup version 0.21-a0-26-g7b23a2f (webtiles) character file.

4 Lochraine the Grave Robber (level 1, -1/13 HPs)
             Began as a Demonspawn Necromancer on May 25, 2017.
             Slain by a kobold
             ... wielding a +0 club
              (2 damage)
             ... on level 1 of the Dungeon.
             The game lasted 00:01:00 (67 turns).

Lochraine the Grave Robber (Demonspawn Necromancer)   Turns: 67, Time: 00:01:01

Health: -1/13      AC:  2    Str:  8    XL:     1   Next: 58%
Magic:  0/3        EV: 12    Int: 16    God:
Gold:   9          SH:  0    Dex: 13    Spells: 2/4 levels left

rFire    . . .     SeeInvis .   (no weapon)
rCold    . . .     Gourm    .   (no shield)
rNeg     . . .     Faith    .   a - +0 robe
rPois    .         Spirit   .   (no helmet)
rElec    .         Reflect  .   (no cloak)
rCorr    .         Harm     .   (no gloves)
MR       .....                  (no boots)
Stlth    ++........             (no amulet)
Regen    0.1/turn               (no ring)
MPRegen  0.1/turn               (no ring)

@: no status effects
A: no striking features
a: no special abilities


You were on level 1 of the Dungeon.
You were not hungry.

You visited 1 branch of the dungeon, and saw 1 of its levels.

You collected 9 gold pieces.

Inventory:

Armour
 a - a +0 robe (worn)
Books
 b - a book of Necromancy
Comestibles
 c - a royal jelly
 d - 4 chunks of flesh
 q - a bread ration


   Skills:
 + Level 0.2 Fighting
 - Level 1.7 Dodging
 - Level 1.7 Stealth
 + Level 2.1 Spellcasting
 + Level 4.5 Necromancy


You had 2 spell levels left.
You knew the following spells:

 Your Spells              Type           Power        Failure   Level  Hunger
a - Pain                  Necr           ###.         3%          1    #......
z - Animate Skeleton      Necr           N/A          3%          1    #......


Dungeon Overview and Level Annotations

Branches:
Dungeon (1/15)

Altars:


Message History

You can't see any susceptible monsters within range! (Use Z to cast anyway.)
You butcher the bat corpse.
d - 4 chunks of flesh (gained 1)
You see here a bat skeleton. x2
A leopard gecko comes into view.
A leopard gecko is nearby!
Aim: a leopard gecko (resting, chance to defeat MR: 85%)
The leopard gecko hisses angrily.
The leopard gecko writhes in agony!
You hear a shout!
Aim: a leopard gecko (moderately wounded, chance to defeat MR: 85%)
The leopard gecko writhes in agony!
The leopard gecko bites you.
You don't have enough magic to cast that spell.
Unknown command.
You swap places.
Your goblin skeleton completely misses the leopard gecko.
The leopard gecko barely misses you.
The leopard gecko hisses menacingly.
A kobold comes into view. It is wielding a club.
The leopard gecko bites you but does no damage.
You don't have enough magic to cast that spell.
The leopard gecko hisses menacingly.
Aim: a leopard gecko (almost dead, clinging, chance to defeat MR: 85%)
The leopard gecko barely resists.
The leopard gecko misses you. The leopard gecko bites you.
* * * LOW HITPOINT WARNING * * *
You aren't carrying any potions.
Unknown command.
Found a stone staircase leading down.
Found a metallic emerald potion.
A rat comes into view.
There is a stone staircase leading down here.
The leopard gecko barely misses you.
A kobold comes into view. It is wielding a dagger.
The kobold moves out of view.
The rat barely misses you.
A jackal comes into view.
There are monsters nearby!
Aim: a leopard gecko (severely wounded, clinging, chance to defeat MR: 85%)
The leopard gecko writhes in agony!
The jackal barks!
The leopard gecko bites you but does no damage.
The rat closely misses you. The leopard gecko misses you.
The kobold hits your goblin skeleton with a club.
The rat barely misses you. The leopard gecko barely misses you.
A jackal comes into view.
Your goblin skeleton hits the leopard gecko with a dagger.
The leopard gecko dies!
The kobold hits you with a club.
You die...

#.# .. ... ..# #######
#.# ..#
......##########.# #..#
.........KZ....#.#....#
.....#########.#.#.#..#
.....## #.!........#
..#.Z.## ####>K@..###
.###...## ##Z†.....#.
## ##...##
#..r........# #
##÷..###...........# #
##.K$#.h........### .
##.............#
...............#
K...h.##.......##
.....##.........#


You could see 2 jackals, a kobold, a rat and a friendly goblin skeleton.

Vanquished Creatures
  A bat (D:1)
  A goblin (D:1)
2 creatures vanquished.

Vanquished Creatures (collateral kills)
  A leopard gecko (D:1)
1 creature vanquished.

Grand Total: 3 creatures vanquished

Notes
Turn   | Place    | Note
-------+----------+-------------------------------------------
     0 | D:1      | Lochraine the Demonspawn Necromancer began the quest for the Orb.
     0 | D:1      | Reached XP level 1. HP: 13/13 MP: 3/3
    26 | D:1      | Learned a level 1 spell: Animate Skeleton
    67 | D:1      | Slain by a kobold

Vault maps used:
D:1:      elethiomel_arrival_shortcut

Action                   || total
-------------------------++-------
 Cast: Pain              ||     6
       Animate Skeleton  ||     1
Armor: Robe              ||     2
Dodge: Dodged            ||     8
